 Dungeon Crawl Stone Soup version 0.30-a0-1082-g70414cbcbb (webtiles) character file.

Game seed: 784291804273156381

14352 cforsyth the Summoner (level 12, -10/66 HPs)
             Began as an Octopode Summoner on Apr 15, 2023.
             Was an Initiate of Gozag.
             Shot with an arrow by a centaur warrior (16 damage)
             ... on level 11 of the Dungeon.
             The game lasted 00:33:43 (17481 turns).

cforsyth the Summoner (Octopode Summoner)          Turns: 17481, Time: 00:33:43

Health: -10/66     AC:  1    Str: 13    XL:     12   Next: 15%
Magic:  24/28      EV: 18    Int: 22    God:    Gozag
Gold:   2655       SH:  0    Dex: 13    Spells: 22/35 levels left

rFire   . . .      SeeInvis .    (no weapon)
rCold   . . .      Faith    .    (no shield)
rNeg    . . .      Spirit   .    (helmet restricted)
rPois   +          Reflect  .    (no amulet)
rElec   .          Rampage  .    d - +5 ring of evasion
rCorr   +                        f - ring of wizardry
Will    .....                    o - +6 ring of strength
Stlth   +++                      B - ring of poison resistance
HPRegen 0.31/turn                C - +4 ring of slaying
MPRegen 0.21/turn                c - ring of wizardry
                                 L - ring of resist corrosion
                                 (no ring)

@: no status effects
A: almost no armour, amphibious, 8 rings, camouflage 1, gelatinous body 1,
(nimble swimmer 1), tentacles
a: Renounce Religion, Potion Petition, Call Merchant, Bribe Branch


You were on level 11 of the Dungeon.
You worshipped Gozag.
Gozag was most pleased with you.
You visited 2 branches of the dungeon, and saw 12 of its levels.

You collected 2722 gold pieces.
You paid 67 gold pieces to Gozag.

Inventory:

Missiles
 s - 2 throwing nets
Jewellery
 c - a ring of wizardry (on tentacle)
 d - a +5 ring of evasion (left tentacle)
 f - a ring of wizardry (right tentacle)
 o - a +6 ring of strength (on tentacle)
 B - a ring of poison resistance (on tentacle)
 C - a +4 ring of slaying (on tentacle)
 F - a ring of fire
 L - a ring of resist corrosion (on tentacle)
Wands
 r - a wand of roots (6)
 u - a wand of charming (6)
 D - a wand of flame (18)
 H - a wand of quicksilver (3)
 K - a wand of polymorph (4)
Scrolls
 h - 4 scrolls of fear {unknown}
 j - 3 scrolls of teleportation {unknown}
 l - a scroll of brand weapon {unknown}
 n - a scroll of torment {unknown}
 p - a scroll of vulnerability {unknown}
 w - a scroll of fog {unknown}
 y - a scroll of immolation {unknown}
 A - 2 scrolls of amnesia {unknown}
 G - 3 scrolls of identify
 I - a scroll of enchant armour {unknown}
Potions
 a - 3 potions of magic
 b - 2 potions of berserk rage
 e - 3 potions of brilliance
 g - 3 potions of heal wounds
 i - 3 potions of degeneration
 k - a potion of might
 m - 2 potions of mutation
 q - 4 potions of lignification
 t - 2 potions of curing
 v - a potion of flight {unknown}
 x - 2 potions of resistance
 z - 5 potions of cancellation
 E - 2 potions of haste
 J - a potion of invisibility {unknown}


   Skills:
 - Level 2.0 Dodging
 - Level 2.6 Stealth
 + Level 12.4 Spellcasting
 - Level 3.0 Hexes
 + Level 13.8 Summonings
 - Level 3.0 Air Magic


You had 22 spell levels left.
You knew the following spells:

 Your Spells              Type           Power      Damage    Failure   Level
a - Summon Small Mammal   Summ           100%       N/A       0%          1
b - Call Imp              Summ           100%       N/A       1%          2
c - Call Canine Familiar  Summ           65%        N/A       1%          3
d - Summon Guardian Gole  Hex/Summ       50%        N/A       1%          3
e - Summon Lightning Spi  Summ/Air       50%        N/A       1%          4

Your spell library contained the following spells:

 Spells                   Type           Power      Damage    Failure   Level
 Beastly Appendage        Tmut           26%        N/A       1%          1
 Blink                    Tloc           26%        N/A       1%          2
 Ensorcelled Hibernation  Hex/Ice        40%        N/A       1%          2
 Lesser Beckoning         Tloc           26%        N/A       1%          2
 Momentum Strike          Conj/Tloc      26%        3d8       1%          2
 Passwall                 Tmut/Erth      10%        N/A       1%          2
 Wereblood                Tmut           13%        N/A       1%          2
 Swiftness                Air            26%        N/A       1%          3
 Tukima's Dance           Hex            26%        N/A       1%          3
 Portal Projectile        Hex/Tloc       40%        N/A       2%          3
 Gell's Gravitas          Tloc           13%        N/A       4%          3
 Hailstorm                Conj/Ice       13%        3d5       4%          3
 Spider Form              Tmut/Pois      13%        N/A       4%          3
 Teleport Other           Tloc           13%        N/A       4%          3
 Ice Form                 Ice/Tmut       13%        N/A       13%         4
 Passage of Golubria      Tloc           13%        N/A       13%         4
 Yara's Violent Unravell  Hex/Tmut       10%        3d6       17%         5
 Blade Hands              Tmut           6%         N/A       32%         5
 Dispersal                Tloc           6%         N/A       83%         6
 Simulacrum               Ice/Necr       Unusable   N/A       N/A         6

Dungeon Overview and Level Annotations

Branches:
Dungeon (11/15)            Temple (1/1) D:5            Lair (0/5) D:8
    Orc (0/2) D:9

Altars:
Ashenzari
Cheibriados
Dithmenos
Elyvilon
Fedhas
Gozag
Hepliaklqana
Kikubaaqudgha
Makhleb
Nemelex Xobeh
Okawaru
Qazlal
Ru
Sif Muna
Trog
Uskayaw
Vehumet
Wu Jian
Xom
Yredelemnul
Zin
The Shining One

Shops:
D:1 :


Innate Abilities, Weirdness & Mutations

You cannot wear most types of armour.
You are amphibious.
You can wear up to eight rings at the same time.
Your skin changes colour to match your surroundings (Stealth+).
Your rubbery body absorbs attacks. (AC +1, EV +1)
((You are camouflaged when in or above water. (Stealth+)))
You have tentacles for arms and can constrict up to eight enemies at once.


Message History

Casting: Call Imp (safe; 1% risk of failure)
Confirm with . or Enter, or press ? or * to list all spells.
An electric hum fills the air.
The centaur warrior shouts!
The centaur warrior unwields a +0 quarterstaff.
The centaur warrior wields a +0 shortbow.
The centaur warrior shoots an arrow.
The arrow hits you!!
Your lightning spire shoots out a bolt of lightning at the centaur warrior!
The bolt of electricity hits the centaur warrior!
The centaur warrior shoots an arrow.
The arrow hits you!
There is a stone staircase leading up, spattered with blood here.
The centaur warrior shoots an arrow.
The arrow hits you!
Your lightning spire shoots out a bolt of lightning at the centaur warrior!
The bolt of electricity hits the centaur warrior!
You climb upwards.
Your summoned ally is left behind.
There is a stone staircase leading down here.
You start resting.
Magic restored.
You start resting.
HP restored.
You start waiting.
Done waiting.
You start waiting.
Done waiting.
Okay, then.
You see here a +0 giant club.
There is a stone staircase leading down here.
You climb downwards.
Your summoned ally is left behind.
There is a stone staircase leading up here.
A centaur warrior is nearby!
The centaur warrior shouts!
The centaur warrior shoots an arrow.
The arrow hits you!!
Casting: Summon Small Mammal (safe; 0% risk of failure)
Confirm with . or Enter, or press ? or * to list all spells.
An electric hum fills the air.
The centaur warrior shoots an arrow.
The arrow hits you!
The centaur warrior shoots an arrow.
The arrow hits you!!
* * * LOW HITPOINT WARNING * * *
The centaur warrior shoots an arrow.
The arrow hits you!
You die...
Your body crumbles into a pile of gold.

##....##.....# ##...##
####.....##...#####......
##.......##...........####
##..................#.#.9Y#
#..####..............c#.##e
##.>.#....#.......$...##.#
##.......#...8..#..$..#.##
##...#..#.##..##.....##.#
#......@<.##.###.....#.#
##.......#...........##°
##......##...c.<.....#4
#......##......)....##
##...................#
#....................#
##.....................
##......................
##.......................


You could see a centaur warrior.

Vanquished Creatures
  A howler monkey (D:7)
  3 orc priests
  A gnoll bouda (D:4)
  A gnoll (D:1)
  2 adders
  4 orcs
  3 giant cockroaches (D:1)
  2 goblins
  4 hobgoblins
  3 kobolds
  3 ball pythons
  A frilled lizard (D:3)
  A hobgoblin zombie (D:9)
  2 rats
31 creatures vanquished.

Vanquished Creatures (collateral kills)
  Fannar (D:11)
  A two-headed ogre (D:11)
  An ugly thing (D:11)
  A kobold demonologist (D:11)
  A troll (D:11)
  A hornet (D:9)
  3 shadows
  A vampire (D:8)
  A wyvern (D:11)
  10 yaks (D:10)
  A water moccasin (D:8)
  An ice beast (D:7)
  A sky beast (D:6)
  3 black bears
  6 ogres (D:10)
  2 centaurs
  3 phantoms
  5 kobold brigands
  A gnoll sergeant (D:10)
  3 bullfrogs
  4 scorpions
  7 wights (D:8)
  2 killer bees (D:9)
  2 electric eels (D:9)
  3 howler monkeys
  A jelly (D:6)
  5 orc priests
  4 hounds
  2 gnoll boudas
  3 sleepcaps
  Jessica (D:3)
  An iguana (D:6)
  8 orc wizards
  4 ogre zombies (D:9)
  18 gnolls
  3 adders
  A shadow imp (D:5)
  A white imp (D:6)
  3 worms
  A dart slug (D:1)
  41 orcs
  2 ball pythons
  3 endoplasms
  4 giant cockroaches
  8 goblins
  6 hobgoblins
  44 kobolds
  A quokka (D:2)
  3 bats
  2 frilled lizards
  2 goblin zombies (D:9)
  A hobgoblin skeleton (D:9)
  2 hobgoblin zombies (D:9)
  3 orc skeletons (D:9)
  8 orc zombies (D:9)
  A rat (D:1)
252 creatures vanquished.

Vanquished Creatures (others)
  A hydra (D:11)
  A boulder beetle (D:8)
  A two-headed ogre (D:11)
  Lodul (D:10)
  An orc knight (D:11)
  An ugly thing (D:11)
  Joseph (D:8)
  Sigmund (D:7)
  A shadow (D:9)
  4 yaks (D:10)
  A wraith (D:11)
  Edmund (D:7)
  2 orc warriors
  An ice beast (D:5)
  4 ogres
  Blork the orc (D:6)
  A wight (D:8)
  A troll zombie (D:9)
  4 killer bees (D:9)
  A howler monkey (D:10)
  Crazy Yiuf (D:5)
  An ogre zombie (D:9)
  4 gnolls (D:5)
  2 orc zombies (D:9)
  9 fungi (D:8)
  60 plants
107 creatures vanquished.

Grand Total: 390 creatures vanquished

Notes
Turn   | Place    | Note
-------+----------+-------------------------------------------
     0 | D:1      | cforsyth the Octopode Summoner began the quest for the Orb.
     0 | D:1      | Reached XP level 1. HP: 11/11 MP: 3/3
   272 | D:1      | Reached XP level 2. HP: 17/17 MP: 1/5
   275 | D:1      | Learned a level 2 spell: Call Imp
   316 | D:1      | Found Raplypo's Book Boutique.
   860 | D:1      | Reached XP level 3. HP: 10/21 MP: 2/6
  1831 | D:2      | Reached XP level 4. HP: 22/27 MP: 3/8
  2137 | D:2      | Found a faded altar of an unknown god.
  3040 | D:3      | Reached skill level 5 in Summonings
  3232 | D:3      | Noticed Jessica
  3238 | D:3      | Killed Jessica
  3239 | D:3      | Reached XP level 5. HP: 31/31 MP: 7/10
  3525 | D:3      | Found a hazy altar of Hepliaklqana.
  3618 | D:3      | Learned a level 3 spell: Call Canine Familiar
  3622 | D:3      | Learned a level 3 spell: Summon Guardian Golem
  3681 | D:3      | Reached skill level 1 in Hexes
  3862 | D:4      | Reached XP level 6. HP: 29/36 MP: 10/12
  4123 | D:4      | Reached skill level 6 in Summonings
  4257 | D:4      | Reached XP level 7. HP: 28/41 MP: 8/13
  4863 | D:5      | Entered Level 5 of the Dungeon
  4927 | D:5      | Reached skill level 5 in Spellcasting
  4979 | D:5      | Found a staircase to the Ecumenical Temple.
  5113 | Temple   | Entered the Ecumenical Temple
  6163 | D:5      | Reached skill level 7 in Summonings
  6163 | D:5      | Reached XP level 8. HP: 46/46 MP: 9/16
  6253 | D:5      | Found a glowing silver altar of Zin.
  6434 | D:5      | Found a runed translucent door.
  6435 | D:5      | Noticed Crazy Yiuf
  6542 | D:5      | Found an opulent altar of Gozag.
  6650 | D:5      | Became a worshipper of Gozag Ym Sagoz the Greedy
  6778 | D:5      | Killed Crazy Yiuf
  7248 | D:6      | Reached skill level 8 in Summonings
  7491 | D:6      | Noticed Blork the orc
  7506 | D:6      | Killed Blork the orc
  8417 | D:7      | Reached XP level 9. HP: 51/51 MP: 13/19
  8422 | D:7      | Learned a level 4 spell: Summon Lightning Spire
  8559 | D:7      | Reached skill level 1 in Air Magic
  9097 | D:7      | Reached skill level 9 in Summonings
  9268 | D:7      | Found a shadowy altar of Dithmenos.
  9644 | D:7      | Noticed Edmund
  9656 | D:7      | Killed Edmund
  9658 | D:7      | Noticed Sigmund
  9691 | D:7      | Killed Sigmund
 10887 | D:8      | Found a hide-covered altar of Uskayaw.
 10916 | D:8      | Reached skill level 10 in Summonings
 11137 | D:8      | Reached XP level 10. HP: 56/56 MP: 17/22
 11377 | D:8      | Noticed a boulder beetle
 11392 | D:8      | Killed a boulder beetle
 11634 | D:8      | Found a staircase to the Lair.
 11834 | D:8      | Noticed Joseph
 11848 | D:8      | Killed Joseph
 11849 | D:8      | Reached skill level 11 in Summonings
 12007 | D:8      | You fall into a shaft and drop 1 floor!
 12288 | D:9      | Reached skill level 10 in Spellcasting
 12371 | D:9      | Found a staircase to the Orcish Mines.
 14046 | D:8      | Found a burning altar of Makhleb.
 14283 | D:10     | Entered Level 10 of the Dungeon
 14310 | D:10     | Reached XP level 11. HP: 33/61 MP: 14/25
 14315 | D:10     | Reached skill level 12 in Summonings
 14601 | D:10     | Noticed Lodul
 14897 | D:10     | Killed Lodul
 14990 | D:10     | Found an ancient bone altar of Kikubaaqudgha.
 15299 | D:10     | Found a shimmering blue altar of Sif Muna.
 15311 | D:10     | Found a basalt altar of Yredelemnul.
 15402 | D:10     | Found a shimmering altar of Xom.
 15636 | D:11     | Noticed a two-headed ogre
 15643 | D:11     | Killed a two-headed ogre
 15644 | D:11     | Reached skill level 13 in Summonings
 15881 | D:11     | Noticed a white ugly thing
 15894 | D:11     | Killed a white ugly thing
 16244 | D:11     | Noticed a two-headed ogre
 16263 | D:11     | Killed a two-headed ogre
 16630 | D:11     | Noticed a red ugly thing
 16653 | D:11     | Killed a red ugly thing
 16876 | D:11     | Noticed Fannar
 16877 | D:11     | Noticed a five-headed hydra
 16897 | D:11     | Killed a five-headed hydra
 16898 | D:11     | Reached XP level 12. HP: 66/66 MP: 22/28
 16937 | D:11     | Killed Fannar
 17047 | D:11     | Identified the ring of Nioligom {+Blink Int+6 SInv}
 17092 | D:11     | Noticed a centaur warrior
 17481 | D:11     | Shot with an arrow by a centaur warrior

Illustrated notes

Levels and vault maps discovered:
D:1:      psy_arrival_radial02, layout_basic, serial_shops,
          nicolae_shop_behind_doors
D:2:      layout_basic, shapermc_ecumenical_altar_acropolis,
          guppyfry_early_orc_mine
D:3:      layout_basic, nzn_hepliaklqana_mist_gate, st_stairs_11, uniq_jessica
D:4:      layout_rooms, chequers_decorated_corner, grunt_ministairs_13
D:5:      layout_loops_ring, nicolae_gozag_cash_rules_everything_around_me,
          general_overflow_altar, minmay_temple_entry_statues_fountains,
          ebering_dispersal_statue_hall, uniq_crazy_yiuf_cottage
D:6:      layout_basic, eino_small_chamber_without_monster, uniq_blork_the_orc
D:7:      kennysheep_kobold_camp, layout_layer_cave, grunt_dithmenos_shadows,
          sigmund_edmund_badplayer
D:8:      layout_cave_pods, mainiacjoe_overflow_six_doors_small,
          lemuel_crystal_altar, grunt_lair_entry_orc_guard_hut, nicolae_titane,
          uniq_joseph
D:9:      layout_irregular_city, zombieorc1_lemuel, enter_bailey_3,
          eino_small_chamber_without_monster, minivault_14, minmay_misc_feat_iff
D:10:     layout_rooms, lemuel_doored_altar, nicolae_overflow_squiral,
          kennysheep_mini, hangedman_decor_growths, evilmike_butchery,
          uniq_lodul
D:11:     minmay_the_grid_triangle_9x9_recursive_3_mashed
          [minmay_the_grid_triangle_9x9_limited_checkers,
          minmay_the_grid_triangle_9x9_intruding_spiral,
          minmay_the_grid_triangle_9x9_descending_squares,
          minmay_the_grid_triangle_9x9_prize_special,
          minmay_the_grid_triangle_9x9_shrine,
          minmay_the_grid_triangle_9x9_wacky_v,
          minmay_the_grid_triangle_9x9_zippers_vertical,
          minmay_the_grid_triangle_9x9_longest,
          minmay_the_grid_triangle_9x9_swiss_cheese], layout_cave_pools,
          uniq_fannar
Temple:   chequers_temple_sunken

Skill      XL: |  1  2  3  4  5  6  7  8  9 10 11 |
---------------+----------------------------------+-----
Spellcasting   | 3 4 5 7 8 10 12 | 12.4
Summonings     | 5 6 7 8 10 11 13 | 13.8
Hexes          | 1 2 3 |  3.0
Air Magic      | 3 |  3.0
Dodging        | |  2.0
Stealth        | |  2.6

Action                     |  1- 3 |  4- 6 |  7- 9 | 10-12 || total
---------------------------+-------+-------+-------+-------++-------
  Melee: Unarmed           |    52 |    57 |    39 |     7 ||   155
         Constrict         |    17 |    23 |    10 |     4 ||    54
         Tentacles         |    10 |    18 |    15 |     3 ||    46
         Punch             |     1 |       |     3 |       ||     4
   Cast: Summon Small Mamm |    41 |    45 |    42 |    22 ||   150
         Call Imp          |    11 |    14 |    31 |    28 ||    84
         Call Canine Famil |       |     6 |    37 |    35 ||    78
         Summon Guardian G |       |     3 |    21 |    35 ||    59
         Summon Lightning  |       |       |    11 |    39 ||    50
  Evoke: Wand              |       |       |       |     2 ||     2
    Use: Potion            |       |     2 |       |       ||     2
         Scroll            |       |       |    10 |     1 ||    11
   Stab: Sleeping          |     2 |     1 |       |       ||     3
         Distracted        |     1 |       |     1 |       ||     2
 Armour: Skin              |     6 |     1 |     3 |       ||    10
  Dodge: Dodged            |    46 |    82 |    61 |    35 ||   224

Table legend: (Time is in decaauts)
 A = Elapsed time spent in this place.
 B = Non-inter-level travel time spent in this place.
 C = Inter-level travel time spent in this place.
 D = Time resting spent in this place.
 E = Time spent auto-exploring this place.
 F = Levels seen in this place.
 G = Mean time per level.
                   A        B        C        D        E       F      G
               +--------+--------+--------+--------+--------+-----+--------+
         Total |  17480 |  17029 |    451 |   2353 |  11532 |  12 | 1456.7 |
       Dungeon |  17265 |  16833 |    432 |   2353 |  11344 |  11 | 1569.5 |
        Temple |    214 |    195 |     19 |      0 |    188 |   1 |  214.0 |
               +--------+--------+--------+--------+--------+-----+--------+

Top non-repeatable levels by time:
     D:7: 2285 daAuts
     D:9: 2261 daAuts
     D:5: 1754 daAuts
     D:8: 1603 daAuts
     D:6: 1558 daAuts
    D:11: 1489 daAuts
     D:1: 1456 daAuts
    D:10: 1446 daAuts
     D:3: 1174 daAuts
     D:2: 1174 daAuts
     D:4: 1058 daAuts
  Temple: 214 daAuts
